 Dungeon Crawl Stone Soup version 0.28-a0-461-g2dc4ca5097 (webtiles) character file.

Game seed: 2894271355055661995

1092 Rennog the Slasher (level 8, 0/93 HPs)
             Began as a Demonspawn Berserker on Sept 14, 2021.
             Was a Priest of Trog.
             Slain by an orc warrior (5 damage)
             ... on level 6 of the Dungeon.
             The game lasted 00:07:40 (5770 turns).

Rennog the Slasher (Demonspawn Berserker)           Turns: 5770, Time: 00:07:41

Health: 0/93       AC: 13    Str: 25    XL:     8   Next: 9%
Magic:  8/8        EV:  5    Int: 12    God:    Trog [***...]
Gold:   106        SH:  7    Dex: 14    Spells: 7/7 levels left

rFire   . . .      SeeInvis .   a - +0 falchion
rCold   . . .      Faith    .   A - +0 kite shield
rNeg    . . .      Spirit   .   f - +0 plate armour
rPois   .          Reflect  .   (helmet restricted)
rElec   .          Harm     .   (no cloak)
rCorr   .          Rampage  .   c - +0 pair of gloves
Will    .....                   (no boots)
Stlth   ..........              (no amulet)
HPRegen 0.25/turn               i - +6 ring of strength
MPRegen 0.11/turn               (no ring)

@: berserking (expiring), very quick
A: horns 2, powered by death 1, big brain 2
a: Renounce Religion, Berserk, Trog's Hand


You were on level 6 of the Dungeon.
You worshipped Trog.
Trog was most pleased with you.
You visited 1 branch of the dungeon, and saw 6 of its levels.
You also visited: Sewer.

You collected 176 gold pieces.
You spent 70 gold pieces at shops.

Inventory:

Hand Weapons
 a - a +0 falchion (weapon)
Armour
 b - a +0 animal skin
 c - a +0 pair of gloves (worn)
 f - a +0 plate armour (worn)
 A - a +0 kite shield (worn)
Jewellery
 i - a +6 ring of strength (left hand)
Wands
 l - a wand of paralysis (12)
 w - a wand of flame (23)
Scrolls
 d - a scroll of magic mapping {unknown}
 e - 5 scrolls of teleportation {unknown}
 g - 2 scrolls of torment {unknown}
 j - a scroll of vulnerability {unknown}
 k - 4 scrolls of identify {unknown}
 m - 2 scrolls of fog {unknown}
 n - 2 scrolls of immolation
 o - a scroll of amnesia {unknown}
 p - 2 scrolls of enchant weapon {unknown}
 r - a scroll of enchant armour {unknown}
 y - a scroll of noise {unknown}
Potions
 h - 2 potions of lignification {unknown}
 q - a potion of degeneration {unknown}
 s - a potion of magic {unknown}
 t - 4 potions of haste {unknown}
 u - 2 potions of brilliance {unknown}
 v - 2 potions of heal wounds
 x - a potion of curing {unknown}
 z - a potion of ambrosia {unknown}


   Skills:
 + Level 5.1 Fighting
 + Level 6.6 Long Blades
 + Level 4.5 Armour
 + Level 2.5 Dodging
 + Level 1.0 Stealth
 + Level 0.1 Shields


You had 7 spell levels left.
You didn't know any spells.
Your spell library was empty.

Dungeon Overview and Level Annotations

Branches:
Dungeon (6/15)              Sewer (visited)
 Temple: D:4-7

Altars:
Dithmenos
Gozag
Wu Jian

Shops:
D:2 *(   D:4 !

Annotations:
D:4 2 transporters, 1 runed translucent door, zdrol's ghost, amateur MiFi


Innate Abilities, Weirdness & Mutations

You have a pair of horns on your head.
You regenerate a little health from kills.
You have an extremely huge brain. (Int +4)


Message History

The steam dragon bites you.
* * * LOW HITPOINT WARNING * * *
You block the steam dragon's attack. The orc warrior barely misses you.
You hit the steam dragon.
The steam dragon is moderately wounded.
The steam dragon bites you but does no damage.
The steam dragon claws you but does no damage.
You block the orc warrior's attack.
You slash the steam dragon!
The steam dragon is severely wounded.
The steam dragon breathes steam at you. The ball of steam hits you!
* * * LOW HITPOINT WARNING * * *
You closely miss the steam dragon.
The steam dragon is severely wounded.
You block the orc warrior's attack. The steam dragon bites you.
* * * LOW HITPOINT WARNING * * *
The steam dragon claws you but does no damage.
Really walk into that cloud of steam?
Okay, then.
You closely miss the steam dragon.
The steam dragon is severely wounded.
The orc warrior is engulfed in a cloud of scalding steam.
The orc warrior hits you but does no damage.
The orc warrior is engulfed in a cloud of scalding steam.
You barely miss the steam dragon. You headbutt the steam dragon.
The steam dragon is almost dead.
You are engulfed in a cloud of scalding steam.
You block the steam dragon's attack. x2
You closely miss the steam dragon.
The steam dragon is almost dead.
You block the orc warrior's attack.
The steam dragon bites you but does no damage.
The steam dragon claws you.
* * * LOW HITPOINT WARNING * * *
You slash the steam dragon!
You kill the steam dragon!
Trog accepts your kill.
The orc warrior hits you with a +0 short sword.
You die...

#........#
########.######.#
#.........# #.#
..######..# #.#
#########..#
###§#######
...........#
#.§.......#
##########.#
#.........# .#
#..§.....$# .#
#..@......# .#
#.o†......#
.#!........###
.#............
............###
8.....8.......
............>..
..>......#.####
.........#.#


You could see an orc warrior.

Vanquished Creatures
  Sigmund (D:2)
  A steam dragon (D:6)
  A sky beast (D:5)
  An ice beast (D:3)
  An ogre (D:4)
  2 kobold brigands
  A howler monkey (D:6)
  A centaur zombie (D:6)
  A hound (D:5)
  An orc priest (D:3)
  3 iguanas
  An orc wizard (D:6)
  A scorpion zombie (D:5)
  11 adders
  A howler monkey skeleton (D:3)
  A river rat (Sewer)
  2 white imps (D:5)
  An ufetubus (D:5)
  4 worms
  4 dart slugs
  15 orcs
  6 ball pythons
  8 endoplasms
  2 giant cockroaches
  7 goblins
  6 hobgoblins
  3 jackals (D:3)
  19 kobolds
  3 quokkas
  4 bats
  2 frilled lizards
  7 rats
122 creatures vanquished.

Vanquished Creatures (others)
  A plant (D:1)
1 creature vanquished.

Grand Total: 123 creatures vanquished

Notes
Turn   | Place    | Note
-------+----------+-------------------------------------------
     0 | D:1      | Rennog the Demonspawn Berserker began the quest for the
                  | Orb.
     0 | D:1      | Reached XP level 1. HP: 18/18 MP: 1/1
   105 | D:1      | Reached skill level 3 in Long Blades
   105 | D:1      | Gained mutation: You regenerate a little health from kills.
                  | [demonic ancestry]
   105 | D:1      | Reached XP level 2. HP: 5/24 MP: 2/2
   722 | D:1      | Gained mutation: You have a pair of small horns on your
                  | head. [demonic ancestry]
   722 | D:1      | Reached XP level 3. HP: 29/29 MP: 3/3
  1283 | D:2      | Found an ornate altar of the Wu Jian Council.
  1284 | D:2      | Noticed Sigmund
  1295 | D:2      | Killed Sigmund
  1296 | D:2      | Reached skill level 4 in Long Blades
  1296 | D:2      | Gained mutation: You have a pair of horns on your head.
                  | [demonic ancestry]
  1296 | D:2      | Reached XP level 4. HP: 25/37 MP: 4/4
  1296 | D:2      | Gained mutation: You have an unusually large brain. (Int
                  | +2) [demonic ancestry]
  1296 | D:2      | Reached XP level 5. HP: 29/42 MP: 5/5
  1633 | D:2      | Found Taburoem's Weapon Shoppe.
  1702 | D:2      | Found Qohot's General Store.
  1775 | D:2      | Found a faded altar of an unknown god.
  1814 | D:2      | Reached ** piety under Trog
  2182 | D:3      | Reached XP level 6. HP: 48/48 MP: 6/6
  2222 | D:3      | Found a shadowy altar of Dithmenos.
  2376 | D:3      | Noticed an ice beast
  2384 | D:3      | Killed an ice beast
  2385 | D:3      | Reached skill level 5 in Long Blades
  2585 | D:3      | Found an opulent altar of Gozag.
  2874 | D:4      | Found a transporter.
  2903 | D:4      | Found a transporter.
  2915 | D:4      | Found Enlemaqe's Distillery.
  2935 | D:4      | Found a runed translucent door.
  2936 | D:4      | Noticed zdrol's ghost (amateur MiFi)
  2936 | D:4      | Noticed a steam dragon
  2964 | D:4      | Found a glowing drain.
  2985 | Sewer    | Entered a sewer
  3496 | Sewer    | Gained mutation: You have an extremely huge brain. (Int +4)
                  | [demonic ancestry]
  3496 | Sewer    | Reached XP level 7. HP: 40/55 MP: 7/7
  3816 | D:4      | Bought a potion of heal wounds for 70 gold pieces
  4599 | D:5      | Entered Level 5 of the Dungeon
  5230 | D:5      | Reached *** piety under Trog
  5231 | D:5      | Reached skill level 6 in Long Blades
  5475 | D:6      | Reached skill level 1 in Stealth
  5478 | D:6      | Reached skill level 5 in Fighting
  5557 | D:6      | Reached XP level 8. HP: 56/62 MP: 8/8
  5770 | D:6      | Slain by an orc warrior

Illustrated notes

Levels and vault maps discovered:
D:1:      dpeg_arrival_arbitrary_a, layout_rooms, serial_bayou,
          serial_bayou_crossing, serial_bayou_shore_a, serial_bayou_pond_c,
          serial_bayou_ford_a
D:2:      layout_loops_ring, basic_altar, serial_shops, nicolae_shop_stone,
          nicolae_shop_temple_entry_statues_fountains,
          shapermc_ecumenical_altar_rom_forum, chequers_serial_rivers_small_3,
          minmay_misc_feat_tiny, corexii_leaking_fountain, uniq_sigmund
D:3:      layout_loops_ring, nicolae_dithmenos_shadow_blocks,
          grunt_gozag_breadcrumbs
D:4:      gammafunk_wand_slinger, layout_layer_cave, serial_shops,
          nicolae_shop_stone, ebering_ghost_inner_flame, gup_sewer_entry_glass,
          kennysheep_small_spiral
D:5:      layout_basic
D:6:      layout_basic, temple_fountains, serial_corexii_hall,
          chequers_hall_statues_wall_a, corexii_hall_statues_i,
          gammafunk_ghost_mausoleum, st_stairs_1

Skill      XL: |  1  2  3  4  5  6  7 |
---------------+----------------------+-----
Long Blades    | 3 4 5 6 |  6.6
Dodging        | 2 |  2.5
Armour         | 2 3 4 |  4.5
Fighting       | 4 5 |  5.1
Stealth        | 1 |  1.0
Shields        | |  0.1

Action                   |  1- 3 |  4- 6 |  7- 9 || total
-------------------------+-------+-------+-------++-------
Melee: Falchion          |    87 |   226 |   116 ||   429
       Headbutt          |     3 |    33 |    25 ||    61
Invok: Berserk           |     2 |     1 |     4 ||     7
Armor: Animal skin       |     7 |       |       ||     7
       Plate armour      |    31 |   135 |    96 ||   262
Dodge: Dodged            |    47 |    67 |    32 ||   146
Block: Kite shield       |       |       |    19 ||    19

Table legend: (Time is in decaauts)
 A = Elapsed time spent in this place.
 B = Non-inter-level travel time spent in this place.
 C = Inter-level travel time spent in this place.
 D = Time resting spent in this place.
 E = Time spent auto-exploring this place.
 F = Levels seen in this place.
 G = Mean time per level.
                   A        B        C        D        E       F      G
               +--------+--------+--------+--------+--------+-----+--------+
         Total |   5961 |   5697 |    264 |    127 |   4618 |   7 |  851.6 |
       Dungeon |   5188 |   4924 |    264 |    127 |   4061 |   6 |  864.7 |
         Sewer |    772 |    772 |      0 |      0 |    556 |   1 |  772.0 |
               +--------+--------+--------+--------+--------+-----+--------+

Top non-repeatable levels by time:
     D:4: 1104 daAuts
     D:1: 1072 daAuts
     D:2: 978 daAuts
     D:3: 844 daAuts
     D:5: 842 daAuts
   Sewer: 772 daAuts
     D:6: 345 daAuts
